 Dungeon Crawl Stone Soup version 0.31-a0-523-g071a6c1ffa (webtiles) character file.

Game seed: 11895754020537989306

2362 Shayle the Fighter (level 9, -1/66 HPs)
             Began as an Ogre Shapeshifter on Aug 11, 2023.
             Slain by a fire elemental (10 damage)
             ... summoned by a deep elf pyromancer
             ... on level 8 of the Dungeon.
             The game lasted 00:19:55 (6884 turns).

Shayle the Fighter (Ogre Shapeshifter)              Turns: 6884, Time: 00:20:02

Health: -1/66      AC:  1    Str: 21    XL:     9   Next: 44%
Magic:  18/18      EV: 10    Int: 13    God:
Gold:   307        SH:  0    Dex: 15    Spells: 21/21 levels left

rFire   . .          .
                       - Unarmed
rCold   . . .        (no shield)
rNeg    . . .        a - melded +0 animal skin
rPois   .            (helmet restricted)
rElec   .            (no cloak)
rCorr   .            (gloves unavailable)
SInv    .            (boots unavailable)
Will    .....        q - amulet of regeneration
Stlth   +            B - +6 ring of dexterity
HPRegen 1.11/turn    (no ring)
MPRegen 0.16/turn

%: no passive effects
@: maw-form
A: devouring maw, reduced hp, large, unfitting armour, tough skin 1
a: Begin Untransformation


You were on level 8 of the Dungeon.
You were a creature with a mouth for a stomach.
You visited 1 branch of the dungeon, and saw 8 of its levels.
You also visited: Sewer and Ossuary.

You collected 307 gold pieces.

Inventory:

Hand Weapons
 b - a +2 short sword of protection
 r - a +1 flail of protection
 z - a +0 dagger of venom
Armour
 a - a +0 animal skin (melded)
Jewellery
 f - a ring of willpower
 q - an amulet of regeneration (around neck)
 w - a ring of flight
 B - a +6 ring of dexterity (left hand)
Talismans
 c - a beast talisman
 d - a flux talisman
 m - a maw talisman (active)
Scrolls
 e - 3 scrolls of poison
 h - a scroll of amnesia
 k - 2 scrolls of enchant armour
 o - a scroll of immolation {unknown}
 x - 3 scrolls of teleportation
 y - a scroll of enchant weapon
Potions
 g - 3 potions of berserk rage {unknown}
 i - 3 potions of haste
 j - 3 potions of magic
 n - a potion of brilliance
 p - 3 potions of enlightenment
 v - 2 potions of cancellation {unknown}
 A - 3 potions of curing


   Skills:
 + Level 8.2 Fighting
 - Level 1.7 Dodging
 + Level 6.2 Unarmed Combat
 + Level 6.6 Spellcasting
 + Level 5.9 Shapeshifting


You had 21 spell levels left.
You didn't know any spells.
Your spell library contained the following spells:

 Spells                   Type           Power      Damage    Failure   Level
 Foxfire                  Conj/Fire      16%        2x1d4     16%         1
 Call Canine Familiar     Summ           4%         N/A       43%         3
 Frozen Ramparts          Ice            8%         1d2       43%         3
 Hailstorm                Conj/Ice       4%         3d4       43%         3
 Ozocubu's Armour         Ice            4%         N/A       43%         3
 Portal Projectile        Hex/Tloc       8%         N/A       43%         3
 Leda's Liquefaction      Hex/Erth       2%         N/A       85%         4
 Petrify                  Tmut/Erth      4%         N/A       85%         4
 Summon Ice Beast         Ice/Summ       4%         N/A       85%         4
 Metabolic Englaciation   Hex/Ice        2%         N/A       99%         5
 Plasma Beam              Fire/Air       2%         2x1d12    100%        6
 Simulacrum               Ice/Necr       2%         N/A       100%        6
 Starburst                Conj/Fire      2%         6d3       100%        6


Dungeon Overview and Level Annotations

Branches:
Dungeon (8/15)              Sewer (visited)         Ossuary (visited)
 Temple: D:4-7         Lair: D:8-11

Altars:
Hepliaklqana

Annotations:
D:4 Ijyb, Pikel
D:5 Duvessa
D:6 Maggie


Innate Abilities, Weirdness & Mutations

You are a creature with a mouth for a stomach.
Your midsection houses a second, enormous mouth.
Your maximum health is decreased, since you lack skill for your form.
You are too large for most types of armour.
You have tough skin. (AC +1)


Message History

The deep elf pyromancer closely misses you.
You miss the deep elf pyromancer.
The deep elf pyromancer is lightly wounded.
The deep elf pyromancer hits you with a +0 long sword.
A troll comes into view.
You completely miss the deep elf pyromancer.
The deep elf pyromancer is lightly wounded.
You hit the deep elf pyromancer.
Your bite misses the deep elf pyromancer.
The deep elf pyromancer is lightly wounded.
A gnoll bouda comes into view. It is wielding a +0 whip.
The deep elf pyromancer hits you with a +0 long sword!
You hit the deep elf pyromancer.
The deep elf pyromancer is lightly wounded.
The deep elf pyromancer hits you with a +0 long sword!
The troll barely misses you. The troll claws you. The troll closely misses you.
Okay, then.
You punch the deep elf pyromancer!
The deep elf pyromancer is heavily wounded.
The deep elf pyromancer gestures wildly while chanting.
The troll misses you. The troll claws you!
* * * LOW HITPOINT WARNING * * *
The troll claws you!
* * * LOW HITPOINT WARNING * * *
You feel much better.
The deep elf pyromancer hits you with a +0 long sword.
The troll completely misses you. The troll claws you!
* * * LOW HITPOINT WARNING * * *
The troll closely misses you.
The gnoll bouda hits you with a +0 whip!
* * * LOW HITPOINT WARNING * * *
The fire elemental barely misses you.
As you read the scroll of fear, it crumbles to dust.
You assume a fearsome visage.
The gnoll bouda looks frightened!
The deep elf pyromancer looks frightened!
The fire elemental is unaffected. x2; The troll looks frightened!
The deep elf pyromancer casts a spell.
The deep elf pyromancer blinks!
The fire elemental hits you. The fire elemental burns you!
You die...

#.# ..#
###.#####
#...#...#
#)#.#.#e#######
#○..#.)........
#☼#.'..########
#Eg.#..#
#W#.#.##
#E..### ###T#
..# #.# ..# .#


You could see a deep elf pyromancer (fleeing), a troll (fleeing), 2 fire
elementals and a gnoll bouda (fleeing).

Vanquished Creatures
  A steam dragon (D:7)
  Edmund (D:4)
  2 ice beasts (D:6)
  An ogre (D:6)
  2 lemures
  A kobold brigand (Sewer)
  Blork the orc (D:4)
  A bullfrog (D:8)
  12 scorpions
  Dowan (D:5)
  A killer bee (D:8)
  3 human zombies (Ossuary)
  2 jellies
  A hound (D:6)
  A sleepcap (D:5)
  An orc priest (D:6)
  Terence (D:2)
  2 iguanas (D:4)
  5 orc wizards (D:6)
  6 scorpion zombies (Ossuary)
  3 mummies (Ossuary)
  Robin (D:3)
  A gnoll (D:1)
  A river rat (Sewer)
  7 adders
  A worm (D:3)
  7 dart slugs
  16 orcs
  9 bats
  An endoplasm (D:1)
  3 giant cockroaches (D:3)
  A gnoll zombie (Ossuary)
  15 goblins
  7 hobgoblins
  5 jackals
  11 kobolds
  8 quokkas
  5 ball pythons
  2 frilled lizards
  A goblin zombie (Ossuary)
  4 kobold zombies (Ossuary)
  2 orc zombies (Ossuary)
  7 rats
164 creatures vanquished.

Notes
Turn   | Place    | Note
-------+----------+-------------------------------------------
     0 | D:1      | Shayle the Ogre Shapeshifter began the quest for the Orb.
     0 | D:1      | Reached XP level 1. HP: 19/19 MP: 1/1
   170 | D:1      | Reached XP level 2. HP: 28/28 MP: 2/2
   600 | D:1      | Reached skill level 2 in Fighting
   600 | D:1      | Reached skill level 1 in Spellcasting
   619 | D:1      | Reached XP level 3. HP: 24/35 MP: 4/4
  1174 | D:2      | Reached XP level 4. HP: 27/44 MP: 6/6
  1862 | D:2      | Noticed Terence
  1894 | D:3      | Noticed Robin
  1910 | D:4      | Reached skill level 3 in Fighting
  1914 | D:4      | Noticed Edmund
  1941 | D:4      | Killed Edmund
  1942 | D:4      | Reached XP level 5. HP: 16/54 MP: 0/8
  1997 | D:4      | Reached skill level 4 in Fighting
  1997 | D:4      | Reached XP level 6. HP: 14/62 MP: 6/10
  2278 | D:3      | Killed Robin
  2384 | D:3      | Found a glowing drain.
  2398 | Sewer    | Entered a sewer
  2733 | Sewer    | Found a white marble altar of Elyvilon.
  3413 | D:4      | Noticed Pikel
  3652 | D:2      | Reached XP level 7. HP: 68/71 MP: 12/12
  3667 | D:2      | Killed Terence
  4073 | D:4      | Reached skill level 5 in Fighting
  4358 | D:4      | Noticed Blork the orc
  4373 | D:4      | Killed Blork the orc
  4434 | D:4      | Noticed Ijyb
  4438 | D:5      | Entered Level 5 of the Dungeon
  4826 | D:5      | Noticed Dowan
  4865 | D:5      | Killed Dowan
  4929 | D:6      | Found a sand-covered staircase.
  4950 | D:6      | HP: 1/72 [orc/+0 flail (5)]
  4988 | Ossuary  | Entered an ossuary
  5228 | Ossuary  | Reached XP level 8. HP: 56/83 MP: 14/14
  5328 | Ossuary  | Reached skill level 6 in Fighting
  5437 | Ossuary  | Reached skill level 5 in Unarmed Combat
  5681 | Ossuary  | Reached skill level 5 in Spellcasting
  5692 | Ossuary  | Reached skill level 5 in Shapeshifting
  5863 | Ossuary  | Reached skill level 7 in Fighting
  6143 | D:6      | Identified the +0 plate armour of Butzoef {Int+3}
  6178 | D:6      | Reached XP level 9. HP: 77/93 MP: 17/17
  6312 | D:5      | Noticed Duvessa
  6373 | D:6      | Found a hazy altar of Hepliaklqana.
  6659 | D:6      | Noticed Maggie
  6716 | D:7      | Reached skill level 8 in Fighting
  6875 | D:8      | Noticed a deep elf pyromancer
  6878 | D:8      | Noticed a troll
  6884 | D:8      | Slain by a fire elemental

Illustrated notes

Levels and vault maps discovered:
D:1:      noname_arrival_rooms_in_the_neighbourhood, layout_basic,
          minmay_distorted
D:2:      layout_basic, grunt_ministairs_9, guppyfry_early_orc_mine,
          uniq_terence
D:3:      layout_basic, portal_sewer_entry_f, minivault_14,
          hangedman_abyss_or_decor_stabs, uniq_robin
D:4:      layout_loops_ring, gammafunk_temple_overflow_elements,
          gammafunk_ghost_split, uniq_blork_the_orc, uniq_pikel, uniq_ijyb,
          uniq_edmund
D:5:      layout_basic, uniq_crazy_yiuf_cottage, uniq_duvessa
D:6:      layout_gridville, kennysheep_mini_moat,
          nicolae_ossuary_entry_monument, uniq_maggie
D:7:      minmay_flawed_box, layout_basic, minmay_temple_entry_enclosed_plants
D:8:      layout_loops_cross, hangedman_minor_gate_pass, uniq_maurice,
          uniq_gastronok

Skill      XL: |  1  2  3  4  5  6  7  8  9 |
---------------+----------------------------+-----
Fighting       | 2 3 4 5 7 8 |  8.2
Spellcasting   | 1 2 3 4 5 6 |  6.6
Unarmed Combat | 3 4 5 6 |  6.2
Shapeshifting  | 4 5 |  5.9
Dodging        | |  1.7

Action                     |  1- 3 |  4- 6 |  7- 9 || total
---------------------------+-------+-------+-------++-------
  Melee: Unarmed           |    99 |   221 |   324 ||   644
         Punch             |     2 |     6 |    24 ||    32
         Short sword       |       |       |    33 ||    33
         Maw               |       |       |     2 ||     2
Ability: Begin Untransform |       |       |     1 ||     1
  Evoke: Wand              |       |     2 |    11 ||    13
    Use: Potion            |       |     4 |     7 ||    11
         Scroll            |       |     4 |    12 ||    16
   Stab: Paralysed         |       |    10 |    12 ||    22
 Armour: Animal skin       |    25 |    55 |    51 ||   131
         Skin              |       |       |     8 ||     8
  Dodge: Dodged            |    42 |   101 |   152 ||   295
   Form: Maw               |       |       |     1 ||     1

Table legend: (Time is in decaauts)
 A = Elapsed time spent in this place.
 B = Non-inter-level travel time spent in this place.
 C = Inter-level travel time spent in this place.
 D = Time resting spent in this place.
 E = Time spent auto-exploring this place.
 F = Levels seen in this place.
 G = Mean time per level.
                   A        B        C        D        E       F      G
               +--------+--------+--------+--------+--------+-----+--------+
         Total |   6831 |   6712 |    119 |   2279 |   2347 |  10 |  683.1 |
       Dungeon |   5271 |   5152 |    119 |   1426 |   2284 |   8 |  658.9 |
         Sewer |    433 |    433 |      0 |    196 |     63 |   1 |  433.0 |
       Ossuary |   1126 |   1126 |      0 |    657 |      0 |   1 | 1126.0 |
               +--------+--------+--------+--------+--------+-----+--------+

Top non-repeatable levels by time:
     D:3: 1195 daAuts
 Ossuary: 1126 daAuts
     D:2: 1104 daAuts
     D:1: 1035 daAuts
     D:4: 645 daAuts
     D:6: 601 daAuts
     D:5: 490 daAuts
   Sewer: 433 daAuts
     D:7: 145 daAuts
     D:8: 52 daAuts
